 Dungeon Crawl Stone Soup version 0.22.1-2-g9c5b331 (webtiles) character file.

51110 WarriorsX the Severer (level 15, -15/124 HPs)
             Began as a Human Berserker on Dec 26, 2018.
             Was a Priest of Trog.
             Demolished by a tyrant leech (23 damage)
             ... on level 5 of the Lair of Beasts.
             The game lasted 01:30:41 (22726 turns).

WarriorsX the Severer (Human Berserker)            Turns: 22726, Time: 01:30:42

Health: -15/124    AC: 20    Str: 23    XL:     15   Next: 0%
Magic:  15/15      EV: 13    Int:  8    God:    Trog [***...]
Gold:   1188       SH:  3    Dex: 17    Spells: 14/14 levels left

rFire    + + .     SeeInvis .   f - +0 battleaxe (flame)
rCold    + + .     Gourm    .   (shield currently unavailable)
rNeg     . . .     Faith    .   O - +4 plate armour {rF+}
rPois    .         Spirit   .   N - +3 helmet "Ifeokloj" {rC+ Dex+4}
rElec    .         Reflect  +   (no cloak)
rCorr    .         Harm     .   (no gloves)
MR       +++..                  T - +1 pair of boots
Stlth    ..........             p - +3 amulet of reflection
HPRegen  1.30/turn              o - ring of protection from fire
MPRegen  0.14/turn              j - ring of protection from cold

@: berserk cooldown, regenerating, slowed, very slow
A: blurry vision 1, deformed body, MP-powered wands
a: Berserk, Trog's Hand, Renounce Religion


You were on level 5 of the Lair of Beasts.
You worshipped Trog.
Trog was most pleased with you.
You were near starving.

You visited 5 branches of the dungeon, and saw 21 of its levels.

You collected 2299 gold pieces.
You spent 1111 gold pieces at shops.

Inventory:

Hand Weapons
 f - a +0 battleaxe of flaming (weapon)
 h - a +1 dire flail of venom
 t - the +8 hand crossbow of Gallantry {speed, Dex+7}
   (You found it on level 7 of the Dungeon)

   Attacks with this weapon are significantly faster.
   It affects your dexterity (+7).
Missiles
 M - 17 tomahawks (quivered)
Armour
 z - the +0 plate armour of Tahog {-Cast rC+ Dex+2}
   (You found it on level 6 of the Dungeon)

   It affects your dexterity (+2).
   It protects you from cold.
   It prevents spellcasting.
 N - the +3 helmet "Ifeokloj" (worn) {rC+ Dex+4}
   (You bought it in a shop on level 2 of the Orcish Mines)

   It affects your dexterity (+4).
   It protects you from cold.
 O - a +4 plate armour of fire resistance (worn)
 T - a +1 pair of boots (worn)
Jewellery
 j - a ring of protection from cold (right hand)
 o - a ring of protection from fire (left hand)
 p - a +3 amulet of reflection (around neck)
 F - an uncursed ring of protection from fire
 L - an uncursed ring of flight
Wands
 g - a wand of paralysis (15)
 D - a wand of acid (3)
 E - a wand of digging (11)
 G - a wand of disintegration (9)
 P - a wand of enslavement (14)
Scrolls
 a - a scroll of fog
 d - 3 scrolls of enchant weapon
 i - 16 scrolls of identify
 k - 6 scrolls of teleportation
 n - 2 scrolls of remove curse
 q - 6 scrolls of enchant armour
 r - 6 scrolls of blinking
 u - 7 scrolls of magic mapping
 y - a scroll of acquirement {unknown}
 I - a scroll of brand weapon
 R - a scroll of vulnerability {unknown}
 S - a scroll of fear
Potions
 b - 3 potions of cancellation {unknown}
 e - 9 potions of curing
 l - 6 potions of flight
 s - 2 potions of haste
 v - 4 potions of lignification
 x - a potion of agility {unknown}
 A - a potion of experience {unknown}
 C - 3 potions of heal wounds
 H - a potion of invisibility {unknown}
 J - 2 potions of berserk rage {unknown}
 K - a potion of brilliance
Comestibles
 c - 25 rations
 m - 5 chunks of flesh


   Skills:
 * Level 13.3 Fighting
 + Level 15.4 Axes
 + Level 10.1 Armour
 * Level 10.8 Dodging
 + Level 0.2 Evocations


You had 14 spell levels left.
You didn't know any spells.
Your spell library was empty.

Dungeon Overview and Level Annotations

Branches:
Dungeon (12/15)            Temple (1/1) D:4            Lair (5/6) D:8
 Shoals (0/4) Lair:4        Snake (0/4) Lair:4        Slime (0/5) Lair:5
    Orc (2/2) D:11            Elf (1/3) Orc:2

Altars:
Ashenzari
Cheibriados
Dithmenos
Elyvilon
Fedhas
Gozag
Hepliaklqana
Kikubaaqudgha
Makhleb
Nemelex Xobeh
Okawaru
Qazlal
Ru
Sif Muna
Trog
Uskayaw
Vehumet
Wu Jian
Xom
Yredelemnul
Zin
The Shining One
Beogh
Jiyva

Shops:
D:4 *   D:5 :   D:7 %   Orc:2 ?=[=

Annotations:
D:9 3 runed doors, Harpaggios's ghost, novice MfGl


Innate Abilities, Weirdness & Mutations

Scrolls take you a little longer to read.
Armour fits poorly on your strangely shaped body.
You expend magic power (3 MP) to strengthen your wands.


Message History

The tyrant leech bites you but does no damage.
You swap places.
Your black bear rages.
Something bites your black bear!
You're too hungry.
Eat one of 6 chunks of flesh? (ye/n/q)
You eat one of the 6 chunks of flesh.
This raw flesh tastes terrible.
You are feeling very hungry.
Something bites your black bear!!!
Your black bear dies!
Your black bear's corpse disappears in a puff of smoke!
Your skin crawls.
You feel resistant to hostile enchantments.
You are near starving!
You can no longer call in reinforcements.
The tyrant leech bites you!
* * * LOW HITPOINT WARNING * * *
The tyrant leech draws strength from your injuries!
The tyrant leech bites you!!
You die...

##### # #.#@##
.#.#####..#w#
.!.....#.#†#### #
≈.........y..P# #.
≈≈≈...........###########..
#≈≈≈..............##.#PP...
##≈≈.......................
#≈≈.......................
#≈≈...##.##...............


You could see a tyrant leech (berserk).

Vanquished Creatures
  Josephine (D:11)
  4 hydras
  2 two-headed ogres
  The ghost of raph the Basher, a novice MiMo of Yredelemnul (Lair:2)
  3 death yaks (Lair:5)
  2 orc high priests (Orc:2)
  Nergalle (D:11)
  3 unseen horrors
  Pikel (D:6)
  A moth of wrath (Lair:5)
  2 deep elf magi (Orc:2)
  4 elephants (Lair:5)
  4 black mambas
  A merfolk siren (Lair:4)
  A centaur skeleton (D:11)
  4 molten gargoyles (D:12)
  7 spiny frogs
  A gargoyle (D:12)
  9 komodo dragons
  3 rime drakes
  2 trolls
  3 merfolk (Lair:4)
  A polar bear (Lair:1)
  7 tyrant leeches (Lair:5)
  2 queen bees
  3 slime creatures (D:12)
  A polar bear (shapeshifter) (D:9)
  5 hippogriffs
  8 blink frogs
  12 dream sheep
  A spriggan (Lair:4)
  5 wraiths
  2 wyverns
  A basilisk (D:8)
  24 yaks
  A hungry ghost (D:9)
  2 wargs
  2 swamp worms (Lair:5)
  An acid dragon (D:12)
  2 nagas (Lair:4)
  6 water moccasins
  A soldier ant (D:12)
  9 porcupines
  4 phantoms
  A sky beast (D:7)
  A slave (D:6)
  9 orc warriors
  4 ice beasts
  2 black bears
  11 centaurs
  5 ogres
  2 necrophages
  6 wolves (Lair:4)
  16 crocodiles
  A big kobold (D:8)
  17 bullfrogs
  8 scorpions
  39 killer bees
  10 wights
  5 howler monkeys
  4 centaur zombies
  3 bullfrog zombies
  3 crimson imps
  A quasit (D:10)
  3 hounds
  4 jellies
  10 orc wizards
  3 bullfrog skeletons
  13 orc priests
  Natasha (thrice) (D:3)
  Terence (D:3)
  5 iguanas
  9 worker ants
  2 hound zombies
  2 hound skeletons (D:9)
  2 worker ant zombies
  Robin (D:3)
  9 adders
  4 gnolls (D:7)
  2 shadow imps (D:11)
  2 adder zombies
  2 adder skeletons
  7 worms
  2 dart slugs (D:1)
  6 leopard geckos
  64 orcs
  5 bats
  3 giant cockroaches
  24 goblins
  14 hobgoblins
  15 jackals
  15 kobolds
  4 quokkas
  3 ball pythons
  6 frilled lizards
  A leopard gecko skeleton (D:8)
  8 rats
  A fungus (Lair:2)
  6 plants
569 creatures vanquished.

Vanquished Creatures (collateral kills)
  3 orc high priests (Orc:2)
  6 slime creatures (D:12)
  4 wargs (Orc:2)
  An orc warrior (D:11)
  A crocodile (D:12)
  A bullfrog (D:11)
  2 wights (D:11)
  19 orc priests (Orc:2)
  18 orcs
55 creatures vanquished.

Vanquished Creatures (others)
  A necrophage (D:9)
  A crimson imp (D:9)
  An orc (D:9)
  A quokka skeleton (D:9)
  7 plants
11 creatures vanquished.

Grand Total: 635 creatures vanquished

Notes
Turn   | Place    | Note
-------+----------+-------------------------------------------
     0 | D:1      | WarriorsX the Human Berserker began the quest for the Orb.
     0 | D:1      | Reached XP level 1. HP: 18/18 MP: 1/1
   107 | D:1      | Reached XP level 2. HP: 19/24 MP: 2/2
   935 | D:2      | Reached XP level 3. HP: 29/29 MP: 3/3
  1099 | D:2      | Reached ** piety under Trog
  1341 | D:2      | Reached skill level 4 in Axes
  1341 | D:2      | Reached XP level 4. HP: 29/36 MP: 4/4
  1347 | D:2      | Reached XP level 5. HP: 25/41 MP: 5/5
  1662 | D:2      | Found a shattered altar of Ashenzari.
  1663 | D:2      | Found a white marble altar of Elyvilon.
  1960 | D:3      | Noticed Natasha
  1968 | D:3      | Killed Natasha
  2168 | D:3      | Reached *** piety under Trog
  2168 | D:3      | Reached XP level 6. HP: 48/48 MP: 6/6
  2172 | D:3      | Noticed Robin
  2187 | D:3      | Killed Robin
  2259 | D:3      | Noticed Natasha
  2266 | D:3      | Killed Natasha
  2266 | D:3      | Reached skill level 5 in Axes
  2440 | D:3      | Noticed Natasha
  2446 | D:3      | Killed Natasha
  2458 | D:2      | Found a glowing golden altar of the Shining One.
  2684 | D:3      | Found a hide-covered altar of Uskayaw.
  2769 | D:3      | Noticed Terence
  2777 | D:3      | Killed Terence
  3271 | D:4      | Noticed a phantom
  3304 | D:4      | Killed a phantom
  3304 | D:4      | Reached XP level 7. HP: 47/54 MP: 7/7
  3471 | D:4      | Found Gozag's Platinum Reserve.
  3475 | D:4      | Found an opulent altar of Gozag.
  3559 | D:4      | Found a staircase to the Ecumenical Temple.
  3592 | Temple   | Entered the Ecumenical Temple
  3673 | D:4      | Gained mutation: Your magical capacity is low. (-10% MP)
                  | [potion of mutation]
  3673 | D:4      | Gained mutation: You have a pair of small horns on your
                  | head. [potion of mutation]
  3673 | D:4      | Gained mutation: You are partially covered in molten
                  | scales. (AC +2) [potion of mutation]
  3782 | D:4      | Reached **** piety under Trog
  4019 | D:5      | Entered Level 5 of the Dungeon
  4022 | D:5      | Found Guuwin's Book Shoppe.
  4193 | D:5      | Reached skill level 6 in Axes
  4279 | D:5      | Found a deep blue altar of Sif Muna.
  4279 | D:5      | Found a blossoming altar of Fedhas.
  4288 | D:5      | Found a glowing silver altar of Zin.
  4484 | D:5      | Reached XP level 8. HP: 56/61 MP: 7/7
  4524 | D:5      | Reached skill level 5 in Fighting
  4703 | D:6      | Reached skill level 7 in Axes
  4941 | D:6      | Got a faintly glowing plate armour
  5002 | D:6      | Identified the cursed +0 plate armour of Tahog {-Cast rC+
                  | Dex+2} (You found it on level 6 of the Dungeon)
  5201 | D:6      | Noticed Pikel
  5232 | D:6      | Killed Pikel
  5232 | D:6      | Reached skill level 8 in Axes
  5232 | D:6      | Reached skill level 5 in Dodging
  5232 | D:6      | Reached XP level 9. HP: 45/70 MP: 8/8
  5802 | D:7      | Reached skill level 5 in Armour
  5899 | D:7      | Found a radiant altar of Vehumet.
  6040 | D:7      | Found Lixkaes's Food Shop.
  6124 | D:7      | Reached ***** piety under Trog
  6200 | D:7      | Got an iridescent hand crossbow
  6201 | D:7      | Identified the +8 hand crossbow of Gallantry {speed, Dex+7}
                  | (You found it on level 7 of the Dungeon)
  6219 | D:7      | Found a sparkling altar of Nemelex Xobeh.
  6312 | D:7      | Reached skill level 9 in Axes
  6352 | D:8      | Reached XP level 10. HP: 70/79 MP: 9/9
  6581 | D:8      | Found a staircase to the Lair.
  6784 | D:8      | Lost mutation: Your magical capacity is low. (-10% MP)
                  | [potion of mutation]
  6784 | D:8      | Lost mutation: You have a pair of small horns on your head.
                  | [potion of mutation]
  6784 | D:8      | Lost mutation: You are partially covered in molten scales.
                  | (AC +2) [potion of mutation]
  6784 | D:8      | Gained mutation: Your body sometimes deteriorates upon
                  | taking damage. [potion of mutation]
  6784 | D:8      | Gained mutation: Your flesh is heat resistant. (rF+)
                  | [potion of mutation]
  6834 | D:8      | Reached skill level 10 in Axes
  7213 | D:8      | Found an iron altar of Okawaru.
  7289 | D:8      | Got an iridescent whip
  7290 | D:8      | Identified the +6 whip "Rygesuff" {slash, +Rage rC- Str+3
                  | Int+5} (You found it on level 8 of the Dungeon)
  7849 | D:9      | Killed an unseen horror
  7849 | D:9      | Reached XP level 11. HP: 38/87 MP: 11/11
  8241 | D:9      | Found a sacrificial altar of Ru.
  8323 | D:9      | Reached skill level 11 in Axes
  8835 | D:9      | Found a runed gate.
  8835 | D:9      | Found a runed gate.
  8835 | D:9      | Found a runed gate.
  8835 | D:9      | Noticed Harpaggios's ghost (novice MfGl)
  8906 | D:9      | Found a burning altar of Makhleb.
  9017 | D:10     | Entered Level 10 of the Dungeon
  9405 | D:10     | Noticed a seven-headed hydra
  9739 | D:11     | Found a staircase to the Orcish Mines.
  9790 | D:11     | Found a roughly hewn altar of Beogh.
 10156 | D:11     | Noticed Nergalle
 10161 | D:11     | Killed Nergalle
 11176 | D:10     | Reached skill level 12 in Axes
 11176 | D:10     | Reached XP level 12. HP: 94/96 MP: 12/12
 11333 | Orc:1    | Entered Level 1 of the Orcish Mines
 11477 | Orc:1    | Noticed a two-headed ogre
 11490 | Orc:1    | Killed a two-headed ogre
 11490 | Orc:1    | Reached skill level 10 in Fighting
 11759 | Orc:2    | Entered Level 2 of the Orcish Mines
 11759 | Orc:2    | Found Heudd's Jewellery Shoppe.
 11894 | Orc:2    | Noticed an orc high priest
 11910 | Orc:2    | Noticed a sun demon
 11911 | Orc:2    | Killed an orc high priest
 11977 | Orc:2    | Noticed an orc high priest
 11987 | Orc:2    | Killed an orc high priest
 11993 | Orc:2    | Noticed an orc high priest
 12025 | Orc:2    | Killed an orc high priest
 12062 | Orc:2    | Found a roughly hewn altar of Beogh.
 12080 | Orc:2    | Found Zakap's Weapon Boutique.
 12080 | Orc:2    | Noticed an orc high priest
 12092 | Orc:2    | Killed an orc high priest
 12092 | Orc:2    | Received a gift from Trog
 12100 | Orc:2    | Noticed an orc high priest
 12106 | Orc:2    | Killed an orc high priest
 12109 | Orc:2    | Found Uthex's Armour Emporium.
 12116 | Orc:2    | Bought the +3 helmet "Ifeokloj" {rC+ Dex+4} for 419 gold
                  | pieces
 12116 | Orc:2    | Bought a +3 plate armour of fire resistance for 450 gold
                  | pieces
 12217 | Orc:2    | Found Hoalip's Jewellery Emporium.
 12495 | Orc:2    | Found Jenizaz's Magic Scroll Boutique.
 12517 | Orc:2    | Bought a scroll of identify for 22 gold pieces
 12517 | Orc:2    | Bought a scroll of brand weapon for 220 gold pieces
 12526 | Orc:2    | Noticed a two-headed ogre
 12532 | Orc:2    | Killed a two-headed ogre
 12811 | Orc:2    | Found a staircase to the Elven Halls.
 12908 | Elf:1    | Entered Level 1 of the Elven Halls
 12951 | Elf:1    | Noticed a sixfirhy
 13743 | D:11     | Killed an unseen horror
 13868 | D:11     | Reached skill level 13 in Axes
 13877 | D:11     | Noticed Josephine
 13890 | D:11     | Received a gift from Trog
 13891 | D:11     | Killed Josephine
 14153 | D:11     | Reached XP level 13. HP: 84/106 MP: 13/13
 14443 | D:12     | Lost mutation: Your body sometimes deteriorates upon taking
                  | damage. [potion of mutation]
 14443 | D:12     | Lost mutation: Your flesh is heat resistant. (rF+) [potion
                  | of mutation]
 14443 | D:12     | Gained mutation: Scrolls take you a little longer to read.
                  | [potion of mutation]
 14443 | D:12     | Gained mutation: Armour fits poorly on your strangely
                  | shaped body. [potion of mutation]
 14443 | D:12     | Gained mutation: You expend magic power (3 MP) to
                  | strengthen your wands. [potion of mutation]
 15355 | D:10     | Killed a five-headed hydra
 15480 | Lair:1   | Entered Level 1 of the Lair of Beasts
 15551 | Lair:1   | Reached skill level 14 in Axes
 16041 | Lair:1   | Found a blossoming altar of Fedhas.
 16428 | Lair:1   | Noticed an eight-headed hydra
 16433 | Lair:1   | Killed a five-headed hydra
 17095 | Lair:2   | Found a transporter.
 17095 | Lair:2   | Found a transporter.
 17095 | Lair:2   | Noticed raph's ghost (novice MiMo)
 18062 | Lair:2   | Reached XP level 14. HP: 93/115 MP: 14/14
 18163 | Lair:2   | You fall through a shaft for 2 floors!
 18420 | Lair:4   | Found a staircase to the Snake Pit.
 18654 | Lair:3   | Reached skill level 10 in Dodging
 19739 | Lair:2   | Killed raph's ghost
 20120 | Lair:4   | Found a staircase to the Shoals.
 20139 | Lair:4   | Reached skill level 15 in Axes
 20701 | Lair:4   | Received a gift from Trog
 21275 | Lair:5   | Reached skill level 10 in Armour
 21649 | Lair:5   | Found a viscous altar of Jiyva.
 21649 | Lair:5   | Found a staircase to the Slime Pits.
 22709 | Lair:5   | Reached XP level 15. HP: 71/124 MP: 15/15
 22726 | Lair:5   | Demolished by a tyrant leech

Skill      XL: |  1  2  3  4  5  6  7  8  9 10 11 12 13 14 |
---------------+-------------------------------------------+-----
Axes           | 4 5 6 8 9 10 12 13 14 15 | 15.4
Armour         | 3 4 5 6 7 8 9 10 | 10.1
Fighting       | 4 6 7 8 9 11 12 13 | 13.3
Dodging        | 3 5 6 7 8 9 10 | 10.8
Evocations     | |  0.2

Action                   |  1- 3 |  4- 6 |  7- 9 | 10-12 | 13-15 || total
-------------------------+-------+-------+-------+-------+-------++-------
Melee: Hand axe          |   100 |       |       |       |       ||   100
       War axe           |     2 |   161 |   257 |       |       ||   420
       Headbutt          |       |       |    49 |    18 |       ||    67
       Battleaxe         |       |       |    10 |   778 |   696 ||  1484
Throw: Tomahawk          |       |       |       |       |     1 ||     1
Invok: Berserk           |       |     1 |     1 |     7 |    12 ||    21
       Trog's Hand       |       |       |     1 |    23 |    13 ||    37
       Brothers in Arms  |       |       |       |     8 |     4 ||    12
Evoke: Wand              |       |       |       |     2 |     8 ||    10
  Use: Scroll            |     1 |     3 |     2 |    11 |       ||    17
       Potion            |       |     2 |     6 |     5 |     3 ||    16
 Stab: Distracted        |       |       |       |       |     2 ||     2
  Eat: Chunk             |     1 |     8 |    11 |    40 |    26 ||    86
       Ration            |       |       |       |     2 |     5 ||     7
Armor: Animal skin       |     1 |       |       |       |       ||     1
       Ring mail         |    33 |     3 |       |       |       ||    36
       Plate armour      |       |    82 |   137 |   647 |   369 ||  1235
Dodge: Dodged            |    71 |    43 |    79 |   482 |   486 ||  1161
Block: Other             |       |     4 |    30 |   120 |    76 ||   230
       Reflection        |       |       |       |     5 |       ||     5
